 Dungeon Crawl Stone Soup version 0.20-a0-1025-g4706f7e (webtiles) character file.

574 Fhqwhgads the Ruffian (level 7, -6/67 HPs)
             Began as a Troll Monk on Apr 18, 2017.
             Killed by divine providence
             ... invoked by an orc priest
              (14 damage)
             ... on level 5 of the Dungeon on Apr 19, 2017.
             The game lasted 00:04:47 (2811 turns).

Fhqwhgads the Ruffian (Troll Monk)                  Turns: 2811, Time: 00:04:48

Health: -6/67      AC:  5    Str: 20    XL:     7   Next: 12%
Magic:  6/6        EV:  9    Int:  8    God:
Gold:   209        SH:  8    Dex: 12    Spells: 6/6 levels left

rFire    . . .     SeeInvis .     - Unarmed
rCold    . . .     Gourm    +   o - +0 shield
rNeg     . . .     Faith    .   a - +0 robe
rPois    .         Spirit   .   (helmet restricted)
rElec    .         Reflect  .   (no cloak)
rCorr    +         Harm     .   (gloves unavailable)
MR       .....     Rnd*Tele +   (boots unavailable)
Stlth    ++........             (no amulet)
Regen    0.7/turn               g - ring of resist corrosion
MPRegen  0.1/turn               m - ring of teleportation (curse)

@: lethally poisoned (-6 -> -9)
A: unfitting armour, claws 3, fast metabolism 3, gourmand, regeneration 1,
shaggy fur 1, tough skin 2
a: no special abilities


You were on level 5 of the Dungeon.
You were very full.

You visited 1 branch of the dungeon, and saw 5 of its levels.

You collected 209 gold pieces.

Inventory:

Armour
 a - a +0 robe (worn)
 o - a +0 shield (worn)
Jewellery
 g - a ring of resist corrosion (left claw)
 m - a cursed ring of teleportation (right claw)
Scrolls
 d - 2 scrolls of blinking {unknown}
 e - 4 scrolls of identify {unknown}
 n - 2 scrolls of recharging {unknown}
 p - 4 scrolls of remove curse {unknown}
 q - 2 scrolls of enchant armour {unknown}
 t - a scroll of noise {unknown}
 u - a scroll of amnesia {unknown}
Potions
 c - a potion of resistance {unknown}
 h - 3 potions of curing {unknown}
 i - a potion of brilliance {unknown}
 j - a potion of agility
 k - 4 potions of might {unknown}
 l - a potion of heal wounds {unknown}
 r - a potion of magic {unknown}
Books
 s - a book of Minor Magic

   Spells                             Type                      Level
   a - Magic Dart                     Conjuration                  1
   b - Blink                          Translocation                2
   c - Call Imp                       Summoning                    2
   d - Slow                           Hexes                        2
   e - Conjure Flame                  Conjuration/Fire             3
   f - Mephitic Cloud                 Conjuration/Poison/Air       3
Comestibles
 b - 4 bread rations
 f - 3 meat rations
 v - a royal jelly


   Skills:
 - Level 3.2 Fighting
 - Level 3.2 Dodging
 - Level 2.1 Stealth
 + Level 2.9 Shields
 * Level 6.4 Unarmed Combat


You had 6 spell levels left.
You didn't know any spells.

Dungeon Overview and Level Annotations

Branches:
Dungeon (5/15)
 Temple: D:4-7

Altars:
Dithmenos
Makhleb
Nemelex Xobeh
Okawaru
Qazlal
Vehumet
Zin

Annotations:
D:5 Menkaure


Innate Abilities, Weirdness & Mutations

You are too large for most types of armour.
You have claws for hands.
Your metabolism is lightning-fast.
You like to eat raw meat.
Your natural rate of healing is unusually fast.
You are covered in fur. (AC +1)
You have very tough skin. (AC +2)


Message History

The water moccasin bites you.
You miss the water moccasin.
The water moccasin is lightly wounded.
You feel sick. You block the water moccasin's attack.
You miss the water moccasin.
The water moccasin is lightly wounded.
Menkaure calls on the powers of darkness!
The orc priest convulses!
The orc convulses! x2; The water moccasin convulses!
Your body is wracked with pain!
* * * LOW HITPOINT WARNING * * *
The water moccasin closely misses you.
You feel sick. The water moccasin bites you.
* * * LOW HITPOINT WARNING * * *
You are more poisoned.
The water moccasin poisons you!
You see here a gold piece.
You feel sick.
The orc priest invokes the aid of Beogh against you.
Beogh smites you!
You die...

#### #..
#.# #<#
#.# #.#
#@# #S#
#.# #o#
......Mo#
......o.#
........#
........#
#....#.##


You could see a water moccasin, Menkaure, an orc priest and 2 orcs.

Vanquished Creatures
  A phantom (D:4)
  A howler monkey (D:4)
  2 orc priests
  A hound (D:3)
  An iguana (D:4)
  4 orc wizards
  Natasha (twice) (D:4)
  3 worker ants (D:4)
  2 adders (D:2)
  An adder skeleton (D:4)
  5 worms
  3 dart slugs
  A leopard gecko (D:3)
  9 orcs
  A ball python (D:3)
  3 giant cockroaches
  5 goblins
  4 hobgoblins
  2 jackals (D:3)
  4 quokkas
  5 bats
  9 frilled lizards
  6 kobolds
  A leopard gecko skeleton (D:4)
  10 rats
86 creatures vanquished.

Notes
Turn   | Place    | Note
-------+----------+-------------------------------------------
     0 | D:1      | Fhqwhgads the Troll Monk began the quest for the Orb.
     0 | D:1      | Reached XP level 1. HP: 23/23 MP: 0/0
    92 | D:1      | Upgraded the game from 0.20-a0-1020-g7b9e4fe to 0.20-a0-1025-g4706f7e
    97 | D:1      | Reached skill level 1 in Unarmed Combat
   419 | D:1      | Reached XP level 2. HP: 31/31 MP: 1/1
   497 | D:1      | Reached skill level 2 in Unarmed Combat
   723 | D:2      | Reached XP level 3. HP: 28/37 MP: 2/2
   817 | D:2      | Reached skill level 3 in Unarmed Combat
   855 | D:2      | Found a sparkling altar of Nemelex Xobeh.
   855 | D:2      | Found a burning altar of Makhleb.
   864 | D:2      | Found a radiant altar of Vehumet.
  1611 | D:3      | Reached XP level 4. HP: 40/45 MP: 3/3
  1619 | D:3      | Reached skill level 1 in Shields
  1626 | D:3      | Reached skill level 4 in Unarmed Combat
  1681 | D:3      | Reached XP level 5. HP: 45/53 MP: 4/4
  1697 | D:3      | Found a glowing silver altar of Zin.
  1709 | D:3      | Found a stormy altar of Qazlal.
  1850 | D:3      | Found an iron altar of Okawaru.
  2034 | D:4      | Reached skill level 5 in Unarmed Combat
  2037 | D:4      | Reached XP level 6. HP: 54/61 MP: 5/5
  2467 | D:4      | Found a shadowy altar of Dithmenos.
  2475 | D:4      | Noticed Natasha
  2478 | D:4      | Reached skill level 6 in Unarmed Combat
  2483 | D:4      | Killed Natasha
  2610 | D:4      | Reached XP level 7. HP: 67/67 MP: 6/6
  2761 | D:4      | Noticed Natasha
  2774 | D:4      | Killed Natasha
  2787 | D:5      | Entered Level 5 of the Dungeon
  2793 | D:5      | Noticed Menkaure
  2811 | D:5      | Killed from afar by an orc priest

Vault maps used:
D:1:      dpeg_arrival_three_bigger_balls
D:2:      gammafunk_temple_overflow_forgotten, minmay_hedge_maze
D:3:      lemuel_round_altar, kennysheep_okawaru_gauntlet, solitary_fountain,
          grunt_qazlal_clouds
D:4:      kennysheep_minor_cross, nicolae_dithmenos_the_darkroom, uniq_natasha
D:5:      first_bread, gup_sewer_entry_spiral, uniq_prince_ribbit1, uniq_iyjb,
          uniq_menkaure

Skill      XL: |  1  2  3  4  5  6 |
---------------+-------------------+-----
Unarmed Combat | 1 2 3 4 5 6 |  6.4
Shields        | 1 2 |  2.9
Fighting       | |  3.2
Dodging        | |  3.2
Stealth        | |  2.1

Action                   |  1- 3 |  4- 6 |  7- 9 || total
-------------------------+-------+-------+-------++-------
Melee: Unarmed           |   107 |   121 |    28 ||   256
 Stab: Sleeping          |     4 |     4 |       ||     8
  Eat: Chunk             |    20 |     7 |     4 ||    31
Armor: Robe              |    30 |    19 |    10 ||    59
Dodge: Dodged            |    56 |    28 |    16 ||   100
Block: Shield            |     7 |    36 |    11 ||    54
